 Dungeon Crawl Stone Soup version 0.27-a0-394-g49c82df (webtiles) character file.

Game seed: 14621208786552248231

222621 GeorgeSoros the Peltast (level 19, 0/116 HPs)
             Began as a Gargoyle Fire Elementalist on Aug 23, 2020.
             Was the Champion of Qazlal.
             Slain by a merfolk
             ... wielding a +0 trident
              (6 damage)
             ... on level 4 of the Shoals on Feb 20, 2021.
             The game lasted 03:38:42 (36196 turns).

GeorgeSoros the Peltast (GrFE)                     Turns: 36196, Time: 03:38:42

Health: 0/116      AC: 41    Str: 32    XL:     19   Next: 24%
Magic:  7/28       EV: 11    Int: 31    God:    Qazlal [******]
Gold:   4279       SH: 25    Dex: 15    Spells: 3/30 levels left

rFire    + + +     SeeInvis .   M - +8 demon whip (spect)
rCold    + + +     Faith    .   P - +2 shield of Resistance {rF++ rC++ Will++}
rNeg     + . .     Spirit   .   V - +7 ice dragon scales of the Bulwark {*Drain rF- rC++ Regen+ Str+9 Dex+3}
rPois    ∞         Reflect  .   l - -1 hat of the Stag {rF+ Int+4 Dex+4}
rElec    +         Harm     .   v - scarf {rC+ rF+}
rCorr    .         Rampage  .   D - +2 pair of gloves of the Leaf {rPois Str+4}
Will     +++..                  p - +0 pair of boots
Stlth    ..........             L - amulet of the acrobat
HPRegen  1.29/turn              j - +4 ring of slaying
MPRegen  0.21/turn              N - ring "Heoptig" {Str+6 Int+4}

@: protected from physical damage, flying, studying Poison Magic, repel missiles
A: big wings, clumsy 1, negative energy resistance 1, electricity resistance,
unbreathing, petrification resistance, miasma immunity, AC +14
}: 1/15 runes: serpentine
a: Stop Flying, Renounce Religion, Upheaval, Elemental Force, Disaster Area


You were on level 4 of the Shoals.
You worshipped Qazlal.
Qazlal was exalted by your worship.
You visited 6 branches of the dungeon, and saw 30 of its levels.
You also visited: Sewer, Gauntlet and Ice Cave.

You collected 4766 gold pieces.
You spent 487 gold pieces at shops.

Inventory:

Hand Weapons
 c - the +7 sceptre of Torment {pain, torment}
   (You found it on level 13 of the Dungeon)

   In the hands of one skilled in necromantic magic, it inflicts extra damage on
   living creatures.
 M - a +8 spectral demon whip (weapon)
Armour
 l - the -1 hat of the Stag (worn) {rF+ Int+4 Dex+4}
   (You found it on level 1 of the Snake Pit)

   It affects your intelligence (+4).
   It affects your dexterity (+4).
   It protects you from fire.
 p - a +0 pair of boots (worn)
 v - a scarf of resistance (worn)
 D - the +2 pair of gloves of the Leaf (worn) {rPois Str+4}
   (You found it on level 3 of the Snake Pit)

   It affects your strength (+4).
   It protects you from poison.
 P - the +2 shield of Resistance (worn) {rF++ rC++ Will++}
   (You found it on level 11 of the Dungeon)

   It greatly protects you from fire.
   It greatly protects you from cold.
   It affects your willpower, your defense against some magical effects.
 V - the +7 ice dragon scales of the Bulwark (worn) {*Drain rF- rC++ Regen+ Str+9 Dex+3}
   (You found it in an ice cave)

   It affects your strength (+9).
   It affects your dexterity (+3).
   It makes you vulnerable to fire.
   It greatly protects you from cold.
   It increases your rate of regeneration.
   It causes draining when unequipped.
Jewellery
 e - a ring of magical power {unknown}
 g - an amulet of regeneration
 j - a +4 ring of slaying (left hand)
 B - a ring of positive energy
 L - an amulet of the acrobat (around neck)
 N - the ring "Heoptig" (right hand) {Str+6 Int+4}
   (You found it on level 3 of the Lair of Beasts)

   [ring of strength]

   It affects your strength (+6).
   It affects your intelligence (+4).
 Q - a ring of resist corrosion
 S - the ring "Moluonk" {Ice rPois MP+9 Int+2 Stlth+}
   (You found it in a Gauntlet)

   [ring of ice]

   It enhances your ice magic.
   It affects your intelligence (+2).
   It makes you vulnerable to fire.
   It protects you from cold.
   It protects you from poison.
   It affects your magic capacity (+9).
   It makes you more stealthy.
 T - a ring of see invisible
Wands
 n - a wand of acid (15)
 w - a wand of random effects (62)
 y - a wand of paralysis (9)
 F - a wand of flame (48)
 K - a wand of iceblast (10)
 O - a wand of polymorph (42)
Scrolls
 b - 4 scrolls of immolation
 d - a scroll of silence
 f - 9 scrolls of magic mapping
 k - 5 scrolls of fog
 m - 6 scrolls of teleportation
 o - 21 scrolls of identify
 q - 5 scrolls of blinking
 s - 2 scrolls of enchant armour
 A - 6 scrolls of amnesia
 G - a scroll of enchant weapon
 R - 2 scrolls of fear
 U - 2 scrolls of summoning
 W - a scroll of holy word
Potions
 h - 2 potions of cancellation
 i - 6 potions of attraction
 r - a potion of might
 t - 5 potions of haste
 z - 4 potions of brilliance
 C - 8 potions of curing
 E - 9 potions of heal wounds
 H - 5 potions of resistance
 I - a potion of invisibility {unknown}
 J - 2 potions of mutation
Miscellaneous
 a - a phial of floods
 u - a condenser vane
 x - a lightning rod (3/4)


   Skills:
 - Level 12.0 Fighting
 - Level 12.2 Maces & Flails
 - Level 11.0 Armour
 - Level 1.5 Dodging
 - Level 2.1 Stealth
 - Level 15.0 Shields
 + Level 6.1 Spellcasting
 + Level 13.6 Conjurations
 - Level 4.0 Hexes
 - Level 10.0 Fire Magic
 + Level 14.6 Earth Magic
 + Level 11.9 Invocations
 - Level 7.8 Evocations


You had 3 spell levels left.
You knew the following spells:

 Your Spells              Type           Power        Failure   Level
a - Foxfire               Conj/Fire      100%         1%          1
b - Sticky Flame          Conj/Fire      70%          1%          4
c - Inner Flame           Hex/Fire       52%          1%          3
d - Stone Arrow           Conj/Erth      100%         1%          3
e - Lee's Rapid Deconstr  Erth           39%          1%          5
f - Fireball              Conj/Fire      35%          1%          5
g - Iron Shot             Conj/Erth      38%          4%          6

Your spell library contained the following spells:

 Spells                   Type           Power        Failure   Level
 Corona                   Hex            37%          1%          1
 Magic Dart               Conj           100%         1%          1
 Sandblast                Erth           100%         1%          1
 Passwall                 Tmut/Erth      44%          1%          2
 Conjure Flame            Conj/Fire      70%          1%          3
 Dazzling Flash           Conj/Hex       100%         1%          3
 Slow                     Hex            34%          2%          2
 Mephitic Cloud           Conj/Pois/Air  37%          4%          3
 Confusing Touch          Hex            34%          5%          3
 Tukima's Dance           Hex            34%          5%          3
 Ensorcelled Hibernation  Hex/Ice        42%          6%          2
 Animate Skeleton         Necr           18%          10%         1
 Apportation              Tloc           18%          10%         1
 Beastly Appendage        Tmut           18%          10%         1
 Summon Small Mammal      Summ           36%          10%         1
 Blink                    Tloc           N/A          14%         2
 Call Imp                 Summ           9%           14%         2
 Wereblood                Tmut           9%           14%         2
 Gell's Gravitas          Tloc           4%           28%         3
 Lesser Beckoning         Tloc           4%           28%         3
 Spider Form              Tmut/Pois      4%           28%         3
 Teleport Other           Tloc           9%           28%         3
 Leda's Liquefaction      Hex/Erth       30%          1%          4
 Bolt of Magma            Conj/Fire/Erth 36%          1%          5
 Iskenderun's Battlesphe  Conj           76%          1%          5
 Fulminant Prism          Conj/Hex       29%          2%          4
 Animate Armour           Summ/Erth      100%         4%          4
 Petrify                  Tmut/Erth      53%          4%          4
 Orb of Destruction       Conj           38%          28%         7
 Conjure Ball Lightning   Conj/Air       25%          65%         6
 Ice Form                 Ice/Tmut       9%           67%         4
 Manifold Assault         Tloc           9%           67%         4
 Summon Lightning Spire   Summ/Air       9%           67%         4
 Metabolic Englaciation   Hex/Ice        10%          75%         5
 Silence                  Hex/Air        10%          75%         5
 Yara's Violent Unravell  Hex/Tmut       10%          75%         5
 Alistair's Intoxication  Tmut/Pois      6%           95%         5
 Blade Hands              Tmut           4%           95%         5
 Invisibility             Hex            34%          95%         6
 Spellforged Servitor     Conj/Summ      25%          99%         7
 Dragon Form              Tmut           4%           100%        7
 Shatter                  Erth           39%          100%        9
 Tornado                  Air            4%           100%        9
 Statue Form              Tmut/Erth      Unusable     N/A         6

Dungeon Overview and Level Annotations

Branches:
Dungeon (13/15)            Temple (1/1) D:5            Lair (6/6) D:9
 Shoals (4/4) Lair:4        Snake (4/4) Lair:4        Slime (0/5) Lair:5
    Orc (2/2) D:9             Elf (0/3) Orc:2        Vaults (0/5) D:13
  Sewer (visited)           IceCv (visited)         Gauntlet (visited)

Altars:
Ashenzari
Cheibriados
Dithmenos
Elyvilon
Fedhas
Gozag
Hepliaklqana
Kikubaaqudgha
Makhleb
Nemelex Xobeh
Okawaru
Qazlal
Ru
Sif Muna
Trog
Uskayaw
Vehumet
Wu Jian
Xom
Yredelemnul
Zin
The Shining One
Beogh
Jiyva

Shops:
D:13 =   Orc:2 ***?   Shoals:1 ?   Shoals:3 (   Snake:2 =:=   Snake:3 **?
Snake:4 *

Portals:
Hell: Lair:6

Annotations:
D:11 1 runed translucent door
Shoals:1 2 transporters, exclusion: orange crystal statue


Innate Abilities, Weirdness & Mutations

You are resistant to torment.
Your stone body is resilient. (AC +14)
You are immune to poison.
Your large and strong wings let you fly indefinitely.
You resist negative energy. (rN+)
You are resistant to electric shocks. (rElec)
You can survive without breathing.
You are immune to petrification.
You are immune to miasma.
You are clumsy. (Dex -2)


Message History

The javelin pierces through you!
* * * LOW HITPOINT WARNING * * *
The javelin pierces through the harpy!!
The harpy dies!
The javelin pierces through the merfolk!
The javelin pierces through the harpy!!
The merfolk hits you but does no damage.
The water nymph flows with the water.
The merfolk hits you but does no damage.
The merfolk impaler hits you but does no damage.
The merfolk closely misses you.
The merfolk is engulfed in freezing vapours.
The merfolk hits you from afar with a +4 trident!
* * * LOW HITPOINT WARNING * * *
The alligator snapping turtle barely misses you.
You block the merfolk's attack.
The merfolk hits you but does no damage.
Your spectral weapon is engulfed in blazing flames. x2
You block the harpy's attack. The harpy claws you but does no damage.
You block the merfolk impaler's attack.
The merfolk javelineer throws a javelin.
The javelin barely misses you.
The javelin pierces through the harpy!!
The javelin pierces through the merfolk!!
The merfolk dies!
You hear a splash. x2
The merfolk is engulfed in freezing vapours.
The merfolk completely misses you.
Your spectral weapon is engulfed in blazing flames.
The merfolk hits you but does no damage.
The merfolk closely misses you.
The sea snake is engulfed in freezing vapours.
The harpy closely misses your spectral weapon. x2
The merfolk is engulfed in freezing vapours.
You block the merfolk's attack. The merfolk completely misses you.
The merfolk impaler hits you but does no damage.
The merfolk hits you but does no damage.
The alligator snapping turtle bites you from afar!!
* * * LOW HITPOINT WARNING * * *
The merfolk hits you from afar with a +0 trident.
You die...

.....≈# #.
.......#######...
.......#...#≈#...
.................
......m..........
......m..°m......
../..mm§S§§☼.....
≈....mm(@○m......
.....mm☼H°m○.....
≈.....mmtHH......
.......≈≈≈.......
...^...≈H≈.......
.............#≈#.
............####
.......≈≈≈###
...(.≈≈≈≈#


You could see an alligator snapping turtle (inner flame), a merfolk impaler, a
merfolk javelineer, a sea snake, 10 merfolk, a water nymph (corroded), 4 harpies
and a friendly +8 spectral demon whip (summoned).

Vanquished Creatures
  Jorgrun (Orc:1)
  Frances (D:12)
  Agnes (Snake:4)
  15 nagarajas
  Louise (Snake:2)
  A minotaur (Gauntlet)
  A dire elephant (Lair:6)
  An ettin (Orc:1)
  Snorg (Lair:3)
  2 merfolk javelineers
  5 merfolk impalers
  2 fire dragons (D:11)
  Fannar (Lair:2)
  2 ice dragons (D:11)
  16 naga warriors
  12 hydras
  An ogre mage (Orc:2)
  2 boulder beetles (Lair:3)
  An alligator snapping turtle (Shoals:1)
  2 merfolk aquamancers
  3 merfolk avatars
  9 two-headed ogres
  A catoblepas (Lair:6)
  8 anacondas
  A satyr (Shoals:2)
  2 tengu warriors
  6 death yaks (Lair:5)
  4 shock serpents
  10 naga sharpshooters
  12 salamander mystics
  A sixfirhy (Lair:6)
  17 sea snakes
  11 naga ritualists
  5 unseen horrors
  3 wizards
  An orc knight (Orc:1)
  A necromancer (D:13)
  3 harpies (Shoals:3)
  Pikel (D:5)
  12 mana vipers
  2 deep elf pyromancers
  19 salamanders
  5 ugly things
  7 orc sorcerers
  7 manticores
  9 fauns
  2 cyclopes
  3 ice statues (IceCv)
  9 guardian serpents
  2 centaur zombies
  30 black mambas
  11 elephants
  8 merfolk sirens
  16 naga magi
  2 water nymphs (Shoals:3)
  An apocalypse crab (Gauntlet)
  6 centaur skeletons
  2 orange demons (Lair:6)
  19 cane toads
  3 rime drakes
  2 red devils (Lair:6)
  A hellwing (Lair:6)
  A tengu conjurer (Gauntlet)
  17 komodo dragons
  2 ice devils (Lair:6)
  9 polar bears
  A jumping spider (Lair:3)
  6 trolls
  17 merfolk
  4 wind drakes
  Prince Ribbit (Lair:3)
  A hornet (D:11)
  Grinder (D:3)
  9 dream sheep
  A raiju (Gauntlet)
  28 blink frogs
  4 snapping turtles
  A ynoxinul (Gauntlet)
  A wraith (D:11)
  7 water elementals
  A tarantella (Lair:3)
  79 yaks
  2 vampires
  2 wyverns
  4 steam dragons
  3 basilisks
  Grum (D:8)
  6 vampire mosquitoes (D:13)
  8 wargs
  66 nagas
  18 water moccasins
  Duvessa (D:7)
  3 hell hounds (Lair:6)
  19 orc warriors
  12 ice beasts
  3 sky beasts
  A black bear (shapeshifter) (D:13)
  5 phantoms
  2 black bears (D:11)
  30 wolves
  15 ogres
  11 centaurs
  2 kobold brigands (D:6)
  22 bullfrogs
  2 scorpions
  Dowan (D:7)
  9 killer bees
  16 wights
  4 electric eels
  7 howler monkeys
  4 lava snakes (Lair:3)
  A bullfrog zombie (D:13)
  7 jellies
  2 quasits (D:10)
  A gnoll shaman (D:9)
  12 orc priests
  Crazy Yiuf (D:7)
  3 hounds
  4 iron imps (Gauntlet)
  3 bullfrog skeletons
  8 iguanas
  47 orc wizards
  8 worker ants
  A hound skeleton (D:7)
  5 gnolls (D:9)
  14 adders
  2 shadow imps
  11 white imps
  6 ufetubi
  4 oozes
  2 adder skeletons
  An adder zombie (D:6)
  6 worms
  8 leopard geckos
  85 orcs
  4 ball pythons (Sewer)
  4 bats
  11 giant cockroaches
  6 goblins
  5 hobgoblins
  10 jackals
  9 quokkas
  11 frilled lizards
  A jackal zombie (D:5)
  19 kobolds
  A leopard gecko zombie (D:7)
  A quokka zombie (D:9)
  5 rats
  A foxfire (Gauntlet)
1146 creatures vanquished.

Vanquished Creatures (collateral kills)
  2 nagas (Snake:4)
2 creatures vanquished.

Vanquished Creatures (others)
  A sea snake (Shoals:2)
  A harpy (Shoals:4)
  A naga mage (Snake:1)
  A merfolk (Shoals:4)
  2 orc wizards (Orc:2)
  4 orcs
  3 kobolds (D:8)
  389 foxfires
  64 fungi
  58 plants
524 creatures vanquished.

Grand Total: 1672 creatures vanquished

Notes
Turn   | Place    | Note
-------+----------+-------------------------------------------
     0 | D:1      | GeorgeSoros the Gargoyle Fire Elementalist began the quest
                  | for the Orb.
     0 | D:1      | Reached XP level 1. HP: 10/10 MP: 3/3
   275 | D:1      | Reached XP level 2. HP: 14/16 MP: 5/5
   352 | D:1      | Reached skill level 1 in Fighting
   964 | D:2      | Reached XP level 3. HP: 17/21 MP: 0/6
  1148 | D:2      | Reached XP level 4. HP: 26/26 MP: 3/7
  1518 | D:2      | Noticed a bullfrog
  1530 | D:2      | Killed a bullfrog
  1530 | D:2      | Reached XP level 5. HP: 21/30 MP: 8/8
  1764 | D:2      | Learned a level 4 spell: Sticky Flame
  1768 | D:2      | Learned a level 3 spell: Inner Flame
  1858 | D:3      | Noticed Grinder
  1865 | D:3      | Paralysed by Grinder for 6 turns
  1875 | D:3      | Paralysed by Grinder for 4 turns
  1881 | D:3      | Killed Grinder
  1881 | D:3      | Reached skill level 1 in Hexes
  1881 | D:3      | Reached XP level 6. HP: 11/35 MP: 6/9
  2158 | D:3      | Reached skill level 5 in Fire Magic
  3105 | D:4      | Noticed an ice beast
  3114 | D:4      | Killed an ice beast
  3114 | D:4      | Reached XP level 7. HP: 18/40 MP: 2/10
  3196 | D:4      | Reached skill level 5 in Conjurations
  3356 | D:4      | Found a glowing golden altar of the Shining One.
  3672 | D:4      | Reached skill level 2 in Shields
  3828 | D:5      | Entered Level 5 of the Dungeon
  3840 | D:5      | Reached XP level 8. HP: 44/44 MP: 8/11
  3844 | D:5      | Found a shattered altar of Ashenzari.
  3911 | D:5      | Found a glowing drain.
  3916 | Sewer    | Entered a sewer
  4046 | Sewer    | Reached skill level 3 in Shields
  4271 | Sewer    | Reached skill level 4 in Shields
  4285 | D:5      | Upgraded the game from 0.26-a0-586-g790e954 to
                  | 0.27-a0-93-g19769c2
  4285 | D:5      | Upgraded the game from 0.27-a0-93-g19769c2 to
                  | 0.27-a0-94-g65cebae
  4285 | D:5      | Upgraded the game from 0.27-a0-94-g65cebae to
                  | 0.27-a0-95-g5a9077b
  4355 | D:5      | Found a hazy altar of Hepliaklqana.
  4569 | D:5      | Found a staircase to the Ecumenical Temple.
  4578 | Temple   | Entered the Ecumenical Temple
  4695 | Temple   | Became a worshipper of Qazlal Stormbringer
  4814 | D:5      | Noticed Pikel
  4891 | D:5      | Killed Pikel
  5143 | D:5      | Reached XP level 9. HP: 49/49 MP: 6/12
  5527 | D:6      | Reached * piety under Qazlal
  6920 | D:7      | Noticed Duvessa
  6926 | D:7      | Noticed Dowan
  6931 | D:7      | Killed Duvessa
  6932 | D:7      | Reached skill level 5 in Fighting
  6939 | D:7      | Killed Dowan
  7073 | D:7      | Reached ** piety under Qazlal
  7076 | D:7      | Reached XP level 10. HP: 59/59 MP: 9/13
  7462 | D:7      | Found a shimmering blue altar of Sif Muna.
  7670 | D:7      | Found a runed translucent door.
  7671 | D:7      | Noticed Crazy Yiuf
  7686 | D:7      | Killed Crazy Yiuf
  7825 | D:8      | Got a pitted chain mail
  7839 | D:8      | Identified the +3 chain mail of the Final Wishes {*Contam
                  | rF+ Will++} (You found it on level 8 of the Dungeon)
  7858 | D:8      | Gained mutation: You are clumsy. (Dex -2) [mutagenic glow]
  8004 | D:8      | Noticed Grum
  8005 | D:8      | Noticed a two-headed ogre
  8019 | D:8      | Reached skill level 1 in Armour
  8221 | D:7      | Killed a two-headed ogre
  8386 | D:8      | Reached skill level 1 in Invocations
  8390 | D:8      | Killed Grum
  8917 | D:9      | Found a staircase to the Lair.
  9063 | D:9      | Reached skill level 5 in Invocations
  9174 | D:9      | Upgraded the game from 0.27-a0-95-g5a9077b to
                  | 0.27-a0-393-gba1aca7
  9408 | D:9      | Reached *** piety under Qazlal
  9568 | D:9      | Found a staircase to the Orcish Mines.
  9625 | D:8      | Learned a level 3 spell: Stone Arrow
  9660 | D:9      | Reached XP level 11. HP: 67/67 MP: 8/15
  9749 | D:9      | Noticed a two-headed ogre
  9781 | D:9      | Killed a two-headed ogre
  9782 | D:9      | Reached skill level 1 in Earth Magic
  9782 | D:9      | Reached skill level 1 in Evocations
  9927 | D:9      | Got a steaming ring mail
  9938 | D:9      | Identified the +0 ring mail of Failure {Str+6 Dex+2} (You
                  | found it on level 9 of the Dungeon)
 10327 | D:10     | Entered Level 10 of the Dungeon
 10465 | Lair:1   | Entered Level 1 of the Lair of Beasts
 10465 | Lair:1   | Found a sacrificial altar of Ru.
 10808 | Lair:1   | Upgraded the game from 0.27-a0-393-gba1aca7 to
                  | 0.27-a0-394-g49c82df
 11002 | Lair:1   | Noticed a four-headed hydra
 11029 | Lair:1   | Killed a four-headed hydra
 11030 | Lair:1   | Reached skill level 10 in Conjurations
 11030 | Lair:1   | Reached skill level 5 in Earth Magic
 11653 | Lair:1   | Reached XP level 12. HP: 72/72 MP: 1/18
 11945 | Lair:1   | Reached skill level 5 in Armour
 12019 | Lair:1   | Reached skill level 5 in Evocations
 12024 | Lair:1   | Reached **** piety under Qazlal
 12793 | Lair:2   | Noticed a four-headed hydra
 12809 | Lair:2   | Killed a four-headed hydra
 13368 | Lair:2   | Noticed Fannar
 13385 | Lair:2   | Killed Fannar
 13864 | Lair:2   | Reached XP level 13. HP: 52/76 MP: 7/19
 14499 | Lair:3   | Noticed Prince Ribbit
 14506 | Lair:3   | Killed Prince Ribbit
 14521 | Lair:3   | Reached skill level 10 in Earth Magic
 14534 | Lair:3   | Learned a level 5 spell: Lee's Rapid Deconstruction
 14842 | Lair:3   | Found a runed translucent door.
 14956 | Lair:3   | Noticed Snorg
 14961 | Lair:3   | Killed Snorg
 15455 | Lair:3   | Reached skill level 1 in Maces & Flails
 15587 | Lair:3   | Got a sparkling silver ring
 15591 | Lair:3   | Identified the ring "Heoptig" {Str+6 Int+4} (You found it
                  | on level 3 of the Lair of Beasts)
 15726 | Lair:4   | Found a staircase to the Snake Pit.
 15821 | Lair:4   | Reached skill level 5 in Spellcasting
 16860 | Lair:4   | Found a staircase to the Shoals.
 17334 | Lair:5   | Reached skill level 5 in Maces & Flails
 18059 | Lair:5   | Gained mutation: Your large and strong wings let you fly
                  | indefinitely. [Gargoyle growth]
 18059 | Lair:5   | Reached XP level 14. HP: 84/84 MP: 23/23
 18169 | Lair:5   | Identified a scroll of acquirement
 18169 | Lair:5   | Acquired 807 gold pieces
 18522 | Lair:5   | Reached skill level 10 in Fighting
 18701 | Lair:5   | Found a runed translucent door.
 18701 | Lair:5   | Found a viscous altar of Jiyva.
 18702 | Lair:5   | Found a staircase to the Slime Pits.
 19276 | Lair:6   | Entered Level 6 of the Lair of Beasts
 19968 | Lair:6   | Reached ***** piety under Qazlal
 21204 | Lair:6   | Noticed a dire elephant
 21228 | Lair:6   | Killed a dire elephant
 21390 | Lair:6   | Found a burning altar of Makhleb.
 21414 | Lair:6   | Reached XP level 15. HP: 91/96 MP: 6/24
 21580 | Lair:6   | Found a gateway to Hell.
 21595 | Lair:6   | Got a sapphire-encrusted scale mail
 21608 | Lair:6   | Identified the +1 scale mail "Gaal" {rF+ MP+9 Int-5} (You
                  | found it on level 6 of the Lair of Beasts)
 21939 | Orc:1    | Entered Level 1 of the Orcish Mines
 21944 | Orc:1    | Noticed Jorgrun
 21954 | D:9      | Learned a level 5 spell: Fireball
 22000 | Orc:1    | Paralysed by an orc sorcerer for 3 turns
 22116 | Orc:1    | Killed Jorgrun
 22117 | Orc:1    | Reached skill level 10 in Maces & Flails
 22188 | Orc:1    | Found a bloodstained altar of Trog.
 22546 | Orc:2    | Entered Level 2 of the Orcish Mines
 22552 | Orc:2    | Found a gate leading to a gauntlet.
 22596 | Gauntlet | Entered a Gauntlet
 22596 | Gauntlet | Found a transporter.
 22608 | Gauntlet | Found a transporter.
 22611 | Gauntlet | Found a transporter.
 22612 | Gauntlet | Found a transporter.
 22623 | Gauntlet | Found a transporter.
 22624 | Gauntlet | Found a transporter.
 22625 | Gauntlet | Found a transporter.
 22633 | Gauntlet | Found a transporter.
 22636 | Gauntlet | Found a transporter.
 22637 | Gauntlet | Found a transporter.
 22645 | Gauntlet | Found a transporter.
 22648 | Gauntlet | Found a transporter.
 22649 | Gauntlet | Found a transporter.
 22660 | Gauntlet | Found a transporter.
 22920 | Gauntlet | Got a coiled pewter ring
 22922 | Gauntlet | Identified the ring "Moluonk" {Ice rPois MP+9 Int+2 Stlth+}
                  | (You found it in a Gauntlet)
 22968 | Gauntlet | Identified the +1 leather armour of the Quahog {Rampage
                  | +Inv rElec Int+9}
 22991 | Gauntlet | Identified the Tome of the Oath
 23155 | Orc:2    | Paralysed by an orc sorcerer for 4 turns
 23164 | Orc:2    | Reached skill level 10 in Invocations
 23169 | Orc:2    | Reached ****** piety under Qazlal
 23292 | Orc:2    | Found Oshuk's General Store.
 23292 | Orc:2    | Found Zipnol's General Store.
 23335 | Orc:2    | Found a roughly hewn altar of Beogh.
 23766 | Orc:2    | Found a staircase to the Elven Halls.
 23917 | Orc:2    | Found Izeimuoq's General Store.
 23917 | Orc:2    | Found Iwamyala's Magic Scroll Emporium.
 23931 | Orc:2    | Bought 2 potions of heal wounds for 130 gold pieces
 23940 | Orc:2    | Bought a scroll of brand weapon for 260 gold pieces
 23940 | Orc:2    | Bought a scroll of enchant weapon for 97 gold pieces
 25097 | D:11     | Found a frozen archway.
 25106 | IceCv    | Entered an ice cave
 25508 | IceCv    | Identified the Handbook of Companions and Transmutation
 25525 | IceCv    | Got transparent ice dragon scales
 25536 | IceCv    | Identified the +7 ice dragon scales of the Bulwark {*Drain
                  | rF- rC++ Regen+ Str+9 Dex+3} (You found it in an ice cave)
 25686 | D:11     | Reached skill level 5 in Shields
 25819 | D:11     | Reached XP level 16. HP: 101/101 MP: 25/25
 26558 | D:11     | Found a runed translucent door.
 26559 | D:11     | Found the +2 shield of Resistance {rF++ rC++ Will++}
 26564 | D:11     | Found a runed translucent door.
 26592 | D:11     | Reached skill level 6 in Shields
 26982 | D:12     | Noticed Frances
 27001 | D:12     | Killed Frances
 27002 | D:12     | Reached skill level 7 in Shields
 27554 | D:13     | Found a stormy altar of Qazlal.
 27738 | D:13     | Found the +7 sceptre of Torment {pain, torment}
 27758 | D:13     | Found Geenyaj's Jewellery Emporium.
 27761 | D:13     | Reached skill level 8 in Shields
 28217 | D:13     | Found a gate to the Vaults.
 28414 | Snake:1  | Entered Level 1 of the Snake Pit
 28427 | Snake:1  | Found a transporter.
 28429 | Snake:1  | Noticed a nagaraja
 28432 | Snake:1  | Noticed a nagaraja
 28484 | Snake:1  | Reached skill level 9 in Shields
 28547 | Snake:1  | Reached skill level 10 in Fire Magic
 28586 | Snake:1  | Found a shimmering blue altar of Sif Muna.
 28631 | Snake:1  | Noticed a nagaraja
 28631 | Snake:1  | Noticed a nagaraja
 28632 | Snake:1  | Noticed a nagaraja
 28767 | Snake:1  | Noticed a nagaraja
 28854 | Snake:1  | Reached skill level 10 in Shields
 29817 | Snake:1  | Killed a nagaraja
 29818 | Snake:1  | Reached skill level 11 in Shields
 29819 | Snake:1  | Killed a nagaraja
 29829 | Snake:1  | Killed a nagaraja
 29830 | Snake:1  | Reached XP level 17. HP: 60/106 MP: 4/26
 29833 | Snake:1  | Reached skill level 12 in Shields
 29869 | Snake:1  | Found a transporter.
 29896 | Snake:1  | Got a fading hat
 29907 | Snake:1  | Identified the -1 hat of the Stag {rF+ Int+4 Dex+4} (You
                  | found it on level 1 of the Snake Pit)
 30020 | Snake:2  | Noticed Louise
 30058 | Snake:2  | Killed Louise
 30059 | Snake:2  | Reached skill level 13 in Shields
 31058 | Snake:2  | Reached skill level 14 in Shields
 31182 | Snake:2  | Found Olaplav's Book Shoppe.
 31183 | Snake:2  | Found Nawkeg's Jewellery Shop.
 31183 | Snake:2  | Found Vuxageyps's Jewellery Shop.
 31198 | Snake:2  | Learned a level 6 spell: Iron Shot
 31861 | Snake:3  | Reached skill level 15 in Shields
 31864 | Snake:3  | Identified the +1 plate armour of Wu Jian's Hope {Rampage
                  | rN+ MP+9 SInv} (You found it on level 3 of the Snake Pit)
 31892 | Snake:3  | Found Tayk App's General Store.
 31896 | Snake:3  | Found Ziluub's General Store.
 31897 | Snake:3  | Found Mippekuly's Magic Scroll Boutique.
 32070 | Snake:3  | Got a pair of steaming gloves
 32081 | Snake:3  | Identified the +2 pair of gloves of the Leaf {rPois Str+4}
                  | (You found it on level 3 of the Snake Pit)
 32212 | Snake:4  | Entered Level 4 of the Snake Pit
 32212 | Snake:4  | Found Casist's Mass Market.
 32327 | Snake:4  | Reached skill level 10 in Armour
 32351 | Snake:4  | Noticed Agnes
 32367 | Snake:4  | Killed Agnes
 32447 | Snake:4  | Reached XP level 18. HP: 112/112 MP: 27/27
 33419 | Snake:4  | Acquired 579 gold pieces
 33533 | Snake:4  | Got a serpentine rune of Zot
 34099 | Shoals:1 | Entered Level 1 of the Shoals
 34306 | Shoals:1 | Found a transporter.
 34316 | Shoals:1 | Found a transporter.
 34371 | Shoals:1 | Found Dainore's Magic Scroll Shop.
 34375 | Shoals:1 | You are sucked into a shaft and drop 1 floor!
 35219 | Shoals:2 | Found a hazy altar of Hepliaklqana.
 35316 | Shoals:3 | Reached XP level 19. HP: 107/116 MP: 28/28
 35938 | Shoals:3 | Found Qebist's Weapon Shop.
 36177 | Shoals:4 | Entered Level 4 of the Shoals
 36196 | Shoals:4 | Slain by a merfolk

Illustrated notes

Levels and vault maps discovered:
D:1:      minmay_arrival_plants_in_alcoves, layout_basic
D:2:      layout_loops_ring
D:3:      layout_basic, uniq_grinder
D:4:      layout_basic, nicolae_tso_carved_into_rock
D:5:      layout_cave_pools, ashenzari_altar_1, minmay_temple_entry_overgrown,
          basic_altar, portal_sewer_entry_e, serial_column_ruins,
          column_ruins_open_small_water, column_ruins_columns_corner,
          column_ruins_columns_straight, column_ruins_corridor_straight,
          kennysheep_generic_room_11, uniq_pikel
D:6:      layout_layer_cave
D:7:      layout_cave_pools, led_sif_pool, uniq_duvessa, uniq_crazy_yiuf_cottage
D:8:      layout_cave_pools, uniq_grum
D:9:      layout_roguey, lair_entry_dummy, orc_0_dummy,
          kennysheep_generic_room_13
D:10:     layout_loops_cross
D:11:     layout_roguey, serial_ice, serial_ice_n, serial_ice_j, serial_ice_h,
          serial_ice_f, serial_ice_c, portal_ice_cave_entry_pillars_1,
          minmay_guarded_unrand_resistance
D:12:     layout_rooms, uniq_frances
D:13:     layout_loops_ring, david_vaults_1, serial_shops, shop_fountains,
          basic_altar, kennysheep_opposing_triangles
Temple:   grunt_wide_crystal_templ
Lair:1:   layout_cave_pods, basic_altar, minivault_19,
          chequers_serial_rivers_small_3, guppyfry_lair_drakes
Lair:2:   layout_roguey, beast_lair_carwin_7, uniq_fannar
Lair:3:   gammafunk_indiana_jones, layout_cave_pods, uniq_prince_ribbit2,
          uniq_snorg
Lair:4:   layout_misc_corridors, minmay_shoals_entry_beasts,
          guppyfry_snake_entry_garden
Lair:5:   layout_layer_cave, slime_altar_2
Lair:6:   evil_forest, layout_gridlike, minmay_stone_trees_large
Shoals:1: gammafunk_sealed_arena, layout_shoals, serial_shops,
          nicolae_shop_stone, nicolae_shop_statue_plus,
          nicolae_shop_competitors_out_of_business
Shoals:2: layout_shoals, lemuel_centaur_altar
Shoals:3: layout_shoals, serial_shops, shop, nicolae_shoals_dead_sea_scrolls
Shoals:4: shoals_end_grunt_ice, layout_shoals, shoals_ilsuiw_ice
Snake:1:  gammafunk_sealed_library, layout_chambers
Snake:2:  layout_layer_cave, minmay_shop_grove, grunt_megastairs_2,
          lemuel_fruit_tree, uniq_louise
Snake:3:  layout_concentric_octagons, statue_in_the_mist_lemuel,
          guppyfry_snake_island, minmay_shop_star
Snake:4:  johnstein_snake_rune_scales, layout_layer_cave, minmay_shop_mass,
          uniq_agnes
Orc:1:    layout_caves, basic_altar, uniq_jorgrun
Orc:2:    st_orc_town, layout_caves, gauntlet_entry_generic

Skill      XL: |  1  2  3  4  5  6  7  8  9 10 11 12 13 14 15 16 17 18 |
---------------+-------------------------------------------------------+-----
Fighting       | 1 2 5 7 8 11 12 | 12.0
Conjurations   | 2 3 4 5 7 8 9 10 13 | 13.6
Fire Magic     | 4 5 6 8 9 10 | 10.0
Hexes          | 1 2 3 4 |  4.0
Shields        | 2 4 5 11 15 | 15.0
Armour         | 4 8 10 11 | 11.0
Invocations    | 6 7 8 11 | 11.9
Earth Magic    | 6 9 10 14 | 14.6
Evocations     | 4 7 |  7.8
Spellcasting   | 4 6 |  6.1
Maces & Flails | 5 9 11 12 | 12.2
Dodging        | |  1.5
Stealth        | |  2.1

Action                   |  1- 3 |  4- 6 |  7- 9 | 10-12 | 13-15 | 16-18 | 19-21 || total
-------------------------+-------+-------+-------+-------+-------+-------+-------++-------
Melee: Dagger            |    15 |    33 |   225 |   539 |    32 |       |       ||   844
       Unarmed           |     1 |     5 |       |       |       |       |       ||     6
       Demon whip        |       |       |       |       |   881 |  1199 |    93 ||  2173
Throw: Dart              |       |       |    52 |    34 |       |       |       ||    86
 Cast: Foxfire           |    26 |    43 |   117 |    39 |     6 |     3 |       ||   234
       Inner Flame       |       |       |     2 |     4 |    65 |    22 |     2 ||    95
       Sticky Flame      |       |       |       |    54 |    58 |    12 |     2 ||   126
       Stone Arrow       |       |       |       |    71 |   117 |     5 |       ||   193
       Lee's Rapid Decon |       |       |       |       |     8 |     2 |       ||    10
       Fireball          |       |       |       |       |    14 |     3 |     6 ||    23
       Iron Shot         |       |       |       |       |       |     6 |     2 ||     8
Invok: Disaster Area     |       |       |       |       |       |     3 |       ||     3
       Elemental Force   |       |       |       |       |       |     1 |       ||     1
 Abil: Fly               |       |       |       |       |     1 |       |       ||     1
Evoke: Condenser vane    |       |       |       |     1 |       |     1 |       ||     2
       Wand              |       |       |       |       |     1 |     3 |     1 ||     5
       Phial of floods   |       |       |       |       |       |     1 |       ||     1
       Lightning rod     |       |       |       |       |       |       |     1 ||     1
  Use: Scroll            |     2 |     9 |     9 |     8 |     9 |     5 |     1 ||    43
       Potion            |       |     1 |     1 |       |     2 |     2 |       ||     6
 Stab: Sleeping          |     2 |     3 |       |       |       |       |       ||     5
       Distracted        |       |       |       |       |     2 |    15 |       ||    17
Armor: Robe              |     6 |    11 |    90 |    67 |       |       |       ||   174
       Skin              |       |     6 |       |       |       |       |       ||     6
       Ring mail         |       |       |       |   178 |   410 |       |       ||   588
       Ice dragon scales |       |       |       |       |    46 |   345 |    60 ||   451
Dodge: Dodged            |     8 |    18 |   137 |   220 |   327 |   183 |    43 ||   936
       Repelled          |       |       |       |       |    11 |    27 |     1 ||    39
Block: Buckler           |       |       |    54 |   233 |   494 |    46 |       ||   827
       Kite shield       |       |       |       |       |       |  1019 |   152 ||  1171

Table legend: (Time is in decaauts)
 A = Elapsed time spent in this place.
 B = Non-inter-level travel time spent in this place.
 C = Inter-level travel time spent in this place.
 D = Time resting spent in this place.
 E = Time spent auto-exploring this place.
 F = Levels seen in this place.
 G = Mean time per level.
                   A        B        C        D        E       F      G
               +--------+--------+--------+--------+--------+-----+--------+
         Total |  35393 |  33096 |   2297 |   2324 |  22592 |  33 | 1072.5 |
       Dungeon |  13829 |  12772 |   1057 |    663 |   8854 |  13 | 1063.8 |
        Temple |    125 |    118 |      7 |      0 |     71 |   1 |  125.0 |
          Lair |  11233 |  10544 |    689 |   1089 |   7215 |   6 | 1872.2 |
        Shoals |   1956 |   1907 |     49 |     13 |   1446 |   4 |  489.0 |
     Snake Pit |   5304 |   4898 |    406 |    185 |   3609 |   4 | 1326.0 |
  Orcish Mines |   1672 |   1583 |     89 |    166 |    864 |   2 |  836.0 |
         Sewer |    412 |    412 |      0 |      0 |    262 |   1 |  412.0 |
      Ice Cave |    447 |    447 |      0 |    208 |     88 |   1 |  447.0 |
      Gauntlet |    410 |    410 |      0 |      0 |    182 |   1 |  410.0 |
               +--------+--------+--------+--------+--------+-----+--------+

Top non-repeatable levels by time:
  Lair:5: 2641 daAuts
  Lair:2: 1996 daAuts
  Lair:1: 1834 daAuts
     D:9: 1828 daAuts
  Lair:6: 1790 daAuts
 Snake:1: 1725 daAuts
     D:7: 1562 daAuts
  Lair:3: 1509 daAuts
 Snake:4: 1496 daAuts
  Lair:4: 1461 daAuts
 Snake:2: 1331 daAuts
    D:11: 1298 daAuts
     D:6: 1198 daAuts
     D:4: 1130 daAuts
     D:5: 985 daAuts
